 Dungeon Crawl Stone Soup version 0.18.1-48-g4cf74bf (webtiles) character file.

471 Alarkh the Martial Artist (level 6, -5/44 HPs)
             Began as a Vampire Skald on July 20, 2016.
             Killed from afar by a decayed bog body (10 damage)
             ... with a puff of frost
             ... in an ossuary.
             The game lasted 00:07:38 (3297 turns).

Alarkh the Martial Artist (Vampire Skald)           Turns: 3297, Time: 00:07:38

Health: -5/44      AC:  6    Str: 11    XL:     6   Next: 83%
Magic:  0/9        EV: 16    Int: 17    God:
Gold:   190        SH:  0    Dex: 16    Spells: 2 memorised, 6 levels left

rFire  . . .     SeeInvis +       - Unarmed
rCold  . . .     Gourm    .     a - +0 leather armour
rNeg   . . .     Faith    .     (no shield)
rPois  .         Spirit   +     (no helmet)
rElec  .         Dismiss  .     (no cloak)
rCorr  .         Reflect  .     (no gloves)
SustAt .         Harm     .     x - +2 pair of boots {Fly}
MR     .....                    e - amulet of guardian spirit
Stlth  +++.......               y - -2 ring of dexterity (curse)
                                v - ring of stealth

@: agile, infused, flying, regenerating quickly, not resistant to hostile
enchantments, fairly stealthy
A: fangs 3, see invisible, unbreathing
a: Stop Flying


You were in an ossuary.
You were very full.

You visited 1 branch of the dungeon, and saw 4 of its levels.
You also visited: Ossuary.

You collected 190 gold pieces.

Inventory:

Armour
 a - a +0 leather armour (worn)
 x - a +2 pair of boots of flying (worn)
Jewellery
 e - an amulet of guardian spirit (around neck)
 p - an uncursed ring of teleportation
 v - a ring of stealth (left hand)
 y - a cursed -2 ring of dexterity (right hand)
Scrolls
 d - a scroll of recharging
 f - a scroll of enchant armour {unknown}
 g - 3 scrolls of magic mapping
 h - 4 scrolls of teleportation
 k - a scroll of fog {unknown}
 l - 3 scrolls of noise
 m - a scroll of enchant weapon {unknown}
 z - a scroll of remove curse
Potions
 c - 5 potions of blood
 i - 2 potions of might
 n - a potion of magic
 o - a potion of lignification
 r - 2 potions of mutation
 s - a potion of haste {unknown}
 t - 2 potions of agility
 u - a potion of brilliance {unknown}
 w - a potion of curing
Books
 b - a book of Battle

   Spells                             Type                      Level
   a - Infusion                       Charms                       1
   b - Shroud of Golubria             Charms/Translocation         2
   c - Song of Slaying                Charms                       2
   d - Spectral Weapon                Hexes/Charms                 3
   e - Regeneration                   Charms/Necromancy            3
Miscellaneous
 j - a plain deck of changes {Wild Magic}


   Skills:
 - Level 1.7 Fighting
 - Level 0.7 Armour
 - Level 1.1 Dodging
 * Level 8.2 Unarmed Combat
 - Level 2.0 Spellcasting
 - Level 3.2 Charms


You had 6 spell levels left.
You knew the following spells:

 Your Spells              Type           Power        Failure   Level  Hunger
a - Infusion              Chrm           ##..         10%         1    #......
b - Shroud of Golubria    Chrm/Tloc      #.........   21%         2    ###....


Dungeon Overview and Level Annotations

Branches:
Dungeon (4/15)
 Temple: D:4-7

Altars:
Cheibriados
Nemelex Xobeh
Pakellas
Yredelemnul
Zin

Shops:
D:3 }

Annotations:
D:4 tyranidshit's ghost, amateur DDNe


Innate Abilities, Weirdness & Mutations

Your natural rate of healing is unusually fast.
You have razor-sharp teeth.
You have supernaturally acute eyesight.
You can survive without breathing.


Message History

You punch the worker ant zombie!
You destroy the worker ant zombie!
You hit the decayed bog body.
The decayed bog body is lightly damaged.
The decayed bog body hits you!!
The decayed bog body touches you but does no damage.
You hit the decayed bog body.
The decayed bog body is moderately damaged.
The decayed bog body casts a spell at you.
You resist with some effort.
You hit the decayed bog body!
The decayed bog body is severely damaged.
The decayed bog body hits you!!
* * * LOW HITPOINT WARNING * * *
The decayed bog body misses you.
Drink which item? (? for menu, Esc to quit)
You feel agile all of a sudden.
The decayed bog body casts a spell at you.
The puff of frost hits you!
You die...

#.#.#.#
#'#'#'#'#'#'###
M.....Z.....'.#
#####.#####.###
#.#...#.'.#
#.#.∩.'.###
#.#∩..#.'M###
#.#####≈#≈≈n##
'≈ #.≈..Zn#@##
#.#####≈≈n≈#≈≈#
#...#≈≈.≈##≈#
#...'.#### ##
#...#≈≈.###
#≈#####≈##≈≈#
≈.M≈≈≈M≈..#≈≈#
≈.#M≈.#≈≈≈≈≈##
#.≈P≈.≈≈≈#≈≈#


You could see a decayed bog body and a mummy.

Vanquished Creatures
  A howler monkey (D:4)
  2 bog bodies (Ossuary)
  2 giant frog zombies (Ossuary)
  A centaur zombie (Ossuary)
  9 mummies (Ossuary)
  A worker ant zombie (Ossuary)
  5 adders
  An ooze (D:2)
  3 adder zombies (Ossuary)
  2 worms (D:2)
  3 dart slugs
  2 giant geckos
  An orc (D:3)
  3 giant cockroaches
  4 goblins
  9 hobgoblins
  2 jackals (D:2)
  3 quokkas
  9 bats
  2 giant cockroach zombies (Ossuary)
  A giant newt (D:1)
  11 kobolds
  A quokka zombie (Ossuary)
  12 rats
90 creatures vanquished.

Vanquished Creatures (others)
  5 withered plants (Ossuary)
5 creatures vanquished.

Grand Total: 95 creatures vanquished

Notes
Turn   | Place    | Note
--------------------------------------------------------------
     0 | D:1      | Alarkh the Vampire Skald began the quest for the Orb.
     0 | D:1      | Reached XP level 1. HP: 16/16 MP: 3/3
   193 | D:1      | Reached skill level 3 in Unarmed Combat
   248 | D:1      | Reached XP level 2. HP: 16/22 MP: 1/5
   264 | D:1      | Learned a level 2 spell: Shroud of Golubria
   679 | D:2      | Reached XP level 3. HP: 18/27 MP: 1/6
   750 | D:2      | Reached skill level 4 in Unarmed Combat
  1226 | D:2      | Reached XP level 4. HP: 33/33 MP: 3/7
  1447 | D:2      | Reached skill level 5 in Unarmed Combat
  1831 | D:3      | Found an oddly glowing altar of Pakellas.
  1831 | D:3      | Found Pakellas's Prime Provisions.
  2473 | D:4      | Reached skill level 6 in Unarmed Combat
  2473 | D:4      | Reached XP level 5. HP: 37/38 MP: 3/8
  2562 | D:4      | Found a basalt altar of Yredelemnul.
  2627 | D:4      | Noticed tyranidshit's ghost (amateur DDNe)
  2632 | D:4      | Found a snail-covered altar of Cheibriados.
  2662 | D:4      | Found a glowing silver altar of Zin.
  2710 | D:4      | Found a sparkling altar of Nemelex Xobeh.
  2731 | D:4      | Found a sand-covered staircase.
  2736 | Ossuary  | Entered an ossuary
  2769 | Ossuary  | Reached skill level 7 in Unarmed Combat
  2769 | Ossuary  | Reached XP level 6. HP: 21/44 MP: 0/9
  3094 | Ossuary  | Reached skill level 8 in Unarmed Combat
  3297 | Ossuary  | Killed from afar by a decayed bog body

Skill      XL: |  1  2  3  4  5  6 |
---------------+-------------------+-----
Unarmed Combat | 3 4 6 7 8 |  8.2
Fighting       | |  1.7
Armour         | |  0.7
Dodging        | |  1.1
Spellcasting   | |  2.0
Charms         | |  3.2

Action                   |  1- 3 |  4- 6 || total
-------------------------+-------+-------++-------
Melee: Unarmed           |   109 |   190 ||   299
       Punch             |     3 |     4 ||     7
       Bite              |     1 |    12 ||    13
 Cast: Infusion          |    17 |    23 ||    40
       Shroud of Golubri |       |     2 ||     2
 Abil: End Transformatio |       |     2 ||     2
       Bat Form          |       |     2 ||     2
  Use: Potion            |     7 |    13 ||    20
       Scroll            |     6 |     8 ||    14
Armor: Leather armour    |    22 |    44 ||    66
Dodge: Dodged            |    54 |    99 ||   153
